cohdb
Replays
Latest Replays
All Replays
Popular Replays
Top Player Replays
Match Explorer
How It Works
Community
CoH3 Stats
Reddit
Sign in to upload your games and track your stats! →
Sign in with Steam
Match 40349614
Unlisted
Match 40349614
Overview
Messages
Build Orders
End
Kettenkrad Recon Vehicle
Construct Infanterie Kompanie
Selects Mechanized Battlegroup
Grenadier Squad
GrW 34 Mortar Team
MG 42 Machine Gun Team
Construct Panzergrenadier Kompanie
251 Medium Carrier
Grenadier Squad
Pak 40 Anti-tank Gun Team
Panzergrenadier Squad
251 Medium Carrier
Selects Raid Package
Panzergrenadier Squad
Selects StuG Assault Group
MG 42 Machine Gun Team
Selects UNKNOWN (2160084)
MG 42 Machine Gun Team
Selects Spotting Scopes
StuG Assault Group
[IsSo] Icemann10067
Chameleon Bonaparte
CPU - VERY EASY
go_kitkayu
kidrobot2008
WEI
0
0
Comments
sign in to comment!
No comments posted yet!